 Dungeon Crawl Stone Soup version 0.26-a0-834-g69557b85cc (webtiles) character file.

Game seed: 5083359405951880325

576 robertstho the Magician (level 7, -4/36 HPs)
             Began as a Deep Elf Fire Elementalist on Nov 16, 2020.
             Slain by Duvessa
             ... wielding a +0 short sword
              (5 damage)
             ... on level 5 of the Dungeon.
             The game lasted 00:08:54 (5103 turns).

robertstho the Magician (DEFE)                      Turns: 5103, Time: 00:08:54

Health: -4/36      AC:  2    Str:  5    XL:     7   Next: 13%
Magic:  3/18       EV: 13    Int: 22    God:
Gold:   201        SH:  0    Dex: 15    Spells: 15/19 levels left

rFire    . . .     SeeInvis .   y - +1 dagger (elec)
rCold    . . .     Faith    .   (no shield)
rNeg     . . .     Spirit   .   c - -1 robe (curse)
rPois    .         Reflect  .   (no helmet)
rElec    .         Harm     .   (no cloak)
rCorr    .         Rampage  .   k - +0 pair of gloves
MR       .....                  (no boots)
Stlth    ++........             (no amulet)
HPRegen  0.12/turn              (no ring)
MPRegen  0.16/turn              (no ring)

@: very slightly contaminated
A: no striking features
a: no special abilities


You were on level 5 of the Dungeon.
You visited 1 branch of the dungeon, and saw 5 of its levels.

You collected 201 gold pieces.

Inventory:

Hand Weapons
 y - a +1 dagger of electrocution (weapon)
Missiles
 d - 6 javelins (quivered)
 v - 22 poisoned darts
Armour
 a - a +0 robe
 c - a cursed -1 robe (worn)
 k - a +0 pair of gloves (worn)
Jewellery
 i - an uncursed ring of flight {unknown}
 l - an uncursed ring of ice {unknown}
 x - a +6 ring of intelligence {unknown}
Scrolls
 e - a scroll of random uselessness {unknown}
 g - 2 scrolls of enchant armour {unknown}
 n - a scroll of teleportation {unknown}
 p - a scroll of fog {unknown}
 q - 4 scrolls of identify {unknown}
 s - a scroll of fear {unknown}
 t - 2 scrolls of amnesia {unknown}
 u - a scroll of remove curse {unknown}
 w - 4 scrolls of blinking {unknown}
Potions
 b - 2 potions of resistance {unknown}
 f - a potion of brilliance {unknown}
 h - 3 potions of lignification {unknown}
 j - a potion of curing {unknown}
 m - a potion of haste
 o - 2 potions of heal wounds {unknown}
 r - a potion of might {unknown}


   Skills:
 + Level 0.2 Fighting
 + Level 0.1 Short Blades
 + Level 2.8 Dodging
 + Level 3.5 Stealth
 * Level 6.5 Spellcasting
 + Level 3.2 Conjurations
 * Level 6.2 Fire Magic


You had 15 spell levels left.
You knew the following spells:

 Your Spells              Type           Power        Failure   Level
a - Foxfire               Conj/Fire      ####         1%          1
b - Conjure Flame         Conj/Fire      ####....     3%          3

Your spell library contained the following spells:

 Spells                   Type           Power        Failure   Level
 Inner Flame              Hex/Fire       ###.....     8%          3
 Sticky Flame             Conj/Fire      ####....     12%         4
 Fireball                 Conj/Fire      ####......   34%         5


Dungeon Overview and Level Annotations

Branches:
Dungeon (5/15)
 Temple: D:4-7

Altars:
Ashenzari
Dithmenos
Uskayaw

Annotations:
D:3 3 runed translucent doors, seyes's ghost, weakling MiGl
D:5 Dowan; Duvessa


Message History

Confirm with . or Enter, or press ? or * to list all spells.
You conjure some foxfire!
The foxfire hits Duvessa but does no damage.
Duvessa is heavily wounded.
The foxfire hits Duvessa.
Duvessa resists.
Duvessa is heavily wounded.
Duvessa hits you with a +0 short sword! Dowan hits you with a +0 dagger.
* * * LOW HITPOINT WARNING * * *
Casting: Foxfire (safe; 1% risk of failure)
Confirm with . or Enter, or press ? or * to list all spells.
You conjure some foxfire!
The foxfire hits Dowan.
Dowan is heavily wounded.
The foxfire hits Dowan.
Dowan is almost dead.
Duvessa hits you with a +0 short sword.
* * * LOW HITPOINT WARNING * * *
Dowan hits you with a +0 dagger.
* * * LOW HITPOINT WARNING * * *
Duvessa hits you with a +0 short sword.
You die...

............#
...........†#
............###
+######........
#....#........
#....#........
#....#........
#.§vv#..>.....
#..@e'........
##.e##........
#..#.........
#..v§...#.........
#.#####.#.........
#.#.((#...........
#.#...#...........
#.#####.########.
#....e...


You could see Duvessa (fast), Dowan and 2 dancing weapons.

Vanquished Creatures
  An ogre (D:4)
  A centaur (D:3)
  A scorpion (D:4)
  A centaur skeleton (D:4)
  An orc wizard (D:3)
  2 iguanas (D:4)
  3 worker ants (D:4)
  9 adders
  A worm (D:2)
  2 dart slugs (D:1)
  5 leopard geckos
  12 orcs (D:3)
  2 ball pythons
  6 giant cockroaches
  8 goblins
  6 hobgoblins
  3 jackals (D:1)
  9 kobolds
  A quokka (D:3)
  7 bats
  5 frilled lizards
  A quokka skeleton (D:4)
  5 rats
92 creatures vanquished.

Vanquished Creatures (others)
  350 foxfires
350 creatures vanquished.

Grand Total: 442 creatures vanquished

Notes
Turn   | Place    | Note
-------+----------+-------------------------------------------
     0 | D:1      | robertstho the Deep Elf Fire Elementalist began the quest
                  | for the Orb.
     0 | D:1      | Reached XP level 1. HP: 10/10 MP: 6/6
   378 | D:1      | Reached XP level 2. HP: 15/15 MP: 6/8
  1418 | D:2      | Reached XP level 3. HP: 4/19 MP: 8/10
  1422 | D:2      | Learned a level 3 spell: Conjure Flame
  2045 | D:2      | Reached XP level 4. HP: 16/24 MP: 6/11
  2224 | D:2      | Found a shadowy altar of Dithmenos.
  2823 | D:3      | Noticed a centaur
  2829 | D:3      | Killed a centaur
  2830 | D:3      | Reached skill level 5 in Fire Magic
  2830 | D:3      | Reached XP level 5. HP: 28/28 MP: 7/14
  3014 | D:3      | Found a runed translucent gate.
  3015 | D:3      | Found a runed translucent gate.
  3017 | D:3      | Found a runed translucent gate.
  3021 | D:3      | Noticed seyes's ghost (weakling MiGl)
  3087 | D:3      | Reached skill level 5 in Spellcasting
  3369 | D:3      | Reached XP level 6. HP: 7/32 MP: 7/15
  4538 | D:4      | Reached XP level 7. HP: 13/36 MP: 14/18
  4963 | D:4      | Found a broken altar of Ashenzari.
  5054 | D:5      | Entered Level 5 of the Dungeon
  5078 | D:5      | Noticed a +0 dagger
  5080 | D:5      | Noticed a +0 hand axe
  5082 | D:5      | Found a hide-covered altar of Uskayaw.
  5082 | D:5      | Noticed Dowan
  5086 | D:5      | Noticed Duvessa
  5103 | D:5      | HP: 1/36 [Dowan/+0 dagger (3)]
  5103 | D:5      | Slain by Duvessa

Illustrated notes

Levels and vault maps discovered:
D:1:      dpeg_arrival_renting, layout_loops_ring
D:2:      layout_basic, grunt_dithmenos_smoke_and_mirrors
D:3:      layout_loops_ring, gammafunk_ghost_necromancy
D:4:      layout_basic, overflow_temple_1_default
D:5:      layout_gridville, dancing_weapons_uskayaw, marbit_many_paths,
          ebering_ghost_inner_flame, corexii_corridor_pit, uniq_sigmund,
          uniq_duvessa, uniq_edmund, uniq_eustachio, uniq_ijyb, uniq_pikel

Skill      XL: |  1  2  3  4  5  6 |
---------------+-------------------+-----
Fire Magic     | 4 5 6 |  6.2
Spellcasting   | 4 5 6 |  6.5
Conjurations   | 2 3 |  3.2
Stealth        | 3 |  3.5
Fighting       | |  0.2
Short Blades   | |  0.1
Dodging        | |  2.8

Action                   |  1- 3 |  4- 6 |  7- 9 || total
-------------------------+-------+-------+-------++-------
Melee: Unarmed           |    34 |       |       ||    34
       Short sword       |       |    12 |       ||    12
       Dagger            |       |     1 |       ||     1
 Cast: Foxfire           |    67 |   114 |    26 ||   207
 Stab: Sleeping          |       |     1 |       ||     1
Armor: Robe              |    11 |     6 |       ||    17
Dodge: Dodged            |    61 |    35 |     4 ||   100

Table legend: (Time is in decaauts)
 A = Elapsed time spent in this place.
 B = Non-inter-level travel time spent in this place.
 C = Inter-level travel time spent in this place.
 D = Time resting spent in this place.
 E = Time spent auto-exploring this place.
 F = Levels seen in this place.
 G = Mean time per level.
                   A        B        C        D        E       F      G
               +--------+--------+--------+--------+--------+-----+--------+
         Total |   5102 |   4959 |    143 |      0 |   4280 |   5 | 1020.4 |
       Dungeon |   5102 |   4959 |    143 |      0 |   4280 |   5 | 1020.4 |
               +--------+--------+--------+--------+--------+-----+--------+

Top non-repeatable levels by time:
     D:2: 1446 daAuts
     D:1: 1376 daAuts
     D:3: 1209 daAuts
     D:4: 1021 daAuts
     D:5: 48 daAuts
